 Dungeon Crawl Stone Soup version 0.31.0-12-g77e489cdc1 (webtiles) character file.

Game seed: 2591336909828875469

11766 Doomgape the Basher (level 11, -7/73 HPs)
             Began as a Gargoyle Fighter on Feb 14, 2024.
             Was a Priest of the Shining One.
             Mangled by a tengu warrior
             ... wielding a +0 great sword
              (12 damage)
             ... on level 11 of the Dungeon.
             The game lasted 00:24:11 (9240 turns).

Doomgape the Basher (Gargoyle Fighter)              Turns: 9240, Time: 00:24:12

Health: -7/73      AC: 23    Str: 25    XL:     11   Next: 82%
Magic:  0/17       EV: 12    Int:  8    God:    the Shining One [***...]
Gold:   1105       SH:  5    Dex:  9    Spells: 10/10 levels left

rFire   . . .        F - +1 morningstar (heavy)
rCold   . . .        c - +0 buckler
rNeg    + + +        C - +0 plate armour
rPois   ∞            (no helmet)
rElec   +            (no cloak)
rCorr   .            (no gloves)
SInv    .            A - +0 pair of boots "Keugats" {^Contam +Blink rN+++ Regen+}
Will    .....        u - amulet of guardian spirit Stlth
                     y - +5 ring of evasion
HPRegen 1.12/turn    (no ring)
MPRegen 0.15/turn

%: guardian spirit
@: glowing
A: sickness immunity, AC +8, negative energy resistance 1, electricity
resistance, torment resistance 1, petrification resistance
a: Renounce Religion, Evoke Blink, Divine Shield, Cleansing Flame


You were on level 11 of the Dungeon.
You worshipped the Shining One.
The Shining One was most pleased with you.
You visited 2 branches of the dungeon, and saw 12 of its levels.

You collected 1367 gold pieces.
You spent 262 gold pieces at shops.

Inventory:

Hand Weapons
 a - a +1 morningstar
 F - a +1 heavy morningstar (weapon)
Missiles
 x - 9 javelins (quivered)
Armour
 c - a +0 buckler (worn)
 A - the +0 pair of boots "Keugats" (worn) {^Contam +Blink rN+++ Regen+}
   (You acquired it on level 8 of the Dungeon)

   rN+++:     It renders you almost immune to negative energy.
   +Blink:    It lets you blink.
   ^Contam:   It causes magical contamination when unequipped.
   Regen+:    It increases your rate of health regeneration.
 C - a +0 plate armour (worn)
Jewellery
 b - an amulet of the acrobat
 t - a ring of ice
 u - an amulet of guardian spirit (around neck)
 y - a +5 ring of evasion (left hand)
Wands
 j - a wand of polymorph (13)
 o - a wand of roots (5)
 r - a wand of paralysis (15)
Scrolls
 e - a scroll of identify
 k - 3 scrolls of enchant armour
 l - 5 scrolls of teleportation
 n - 3 scrolls of noise
 p - 2 scrolls of summoning
 q - a scroll of revelation
 s - a scroll of amnesia
 w - 2 scrolls of enchant weapon
Potions
 d - 3 potions of might
 f - 2 potions of heal wounds
 g - 4 potions of lignification
 h - 2 potions of mutation
 i - 4 potions of curing
 m - 2 potions of cancellation {unknown}
 v - 3 potions of resistance
 z - a potion of magic {unknown}
 B - 2 potions of haste {unknown}
 D - a potion of brilliance


   Skills:
 - Level 10.3 Fighting
 + Level 10.5 Maces & Flails
 - Level 8.1 Armour
 + Level 9.0 Shields
 + Level 8.3 Invocations


You had 10 spell levels left.
You didn't know any spells.
Your spell library contained the following spells:

 Spells                   Type           Power      Damage    Failure   Level
 Ensorcelled Hibernation  Hex/Ice        0%         N/A       100%        2
 Jinxbite                 Hex            0%         N/A       100%        2
 Frozen Ramparts          Ice            0%         1d1       100%        3
 Hailstorm                Conj/Ice       0%         3d5       100%        3
 Inner Flame              Hex/Fire       0%         N/A       100%        3
 Passwall                 Erth           0%         N/A       100%        3
 Summon Ice Beast         Ice/Summ       0%         N/A       100%        3
 Swiftness                Air            0%         N/A       100%        3
 Flame Wave               Conj/Fire      0%         2d4       100%        4
 Leda's Liquefaction      Alch/Erth      0%         N/A       100%        4
 Petrify                  Alch/Erth      0%         N/A       100%        4
 Sticky Flame             Fire/Alch      0%         2d4       100%        4
 Metabolic Englaciation   Hex/Ice        0%         N/A       100%        5
 Yara's Violent Unravell  Hex/Alch       0%         3d3       100%        5
 Sculpt Simulacrum        Ice/Alch       0%         N/A       100%        6
 Enfeeble                 Hex            0%         N/A       100%        7


Dungeon Overview and Level Annotations

Branches:
Dungeon (11/15)            Temple (1/1) D:4            Lair (0/5) D:8
    Orc: D:9-12

Altars:
Ashenzari
Cheibriados
Dithmenos
Elyvilon
Fedhas
Gozag
Hepliaklqana
Kikubaaqudgha
Makhleb
Nemelex Xobeh
Okawaru
Qazlal
Ru
Sif Muna
Trog
Uskayaw
Vehumet
Wu Jian
Xom
Yredelemnul
Zin
The Shining One

Shops:
D:5 *

Annotations:
D:6 2 transporters, 112233's ghost, novice OpFi


Innate Abilities, Weirdness & Mutations

You are immune to sickness and miasma.
Your stone body is resilient. (AC +8)
You are immune to poison.
You resist negative energy. (rN+)
You are resistant to electric shocks. (rElec)
You are resistant to unholy torment.
You are immune to petrification.


Message History

The howler monkey hoots and howls with incredible vigour!
The vampire mosquito closely misses you.
The tengu warrior hits you with a +0 great sword.
The tengu warrior pecks you but does no damage.
The tengu warrior barely misses you.
You hear a shout!
You hear an angry buzzing noise.
You hear two shouts!
Your Shields skill increases to level 9!
You closely miss the vampire mosquito.
The vampire mosquito is lightly damaged.
The vampire mosquito misses you. The vampire mosquito barely misses you.
The tengu warrior hits you with a +0 great sword!
* * * LOW HITPOINT WARNING * * *
The tengu warrior pecks you but does no damage.
The tengu warrior misses you.
You block the vampire mosquito's attack.
You hit the vampire mosquito.
The vampire mosquito is lightly damaged.
The vampire mosquito closely misses you.
The vampire mosquito bites you but does no damage.
The howler monkey hoots and howls with incredible vigour!
The tengu warrior hits you with a +0 great sword!
* * * LOW HITPOINT WARNING * * *
The tengu warrior pecks you but does no damage.
The tengu warrior claws you but does no damage.
The vampire mosquito bites you but does no damage.
The tengu warrior hits you with a +0 great sword!
* * * LOW HITPOINT WARNING * * *
The tengu warrior pecks you but does no damage.
The tengu warrior claws you.
* * * LOW HITPOINT WARNING * * *
The howler monkey hoots and howls with incredible vigour!
You hear a shout!
You hear two shouts!
You hear a shout!
Unknown command.
You bludgeon the vampire mosquito!!
You destroy the vampire mosquito!
The Shining One accepts your kill.
You feel better.
The howler monkey hoots and howls with incredible vigour!
The tengu warrior hits you with a +0 great sword!
You die...

#...###........#≈..###.≈##.###..[
##.............#≈......≈##.# ..#
....###........#≈≈≈†.≈≈≈##.# ..#
#..<# #........####''#####.# ...
#...# #..............# #># ..
....# #####.#######.## #.# ##..#
#.# #.# #.# ...#
##.#######.######.## #....
....h.T@QC.........# .#...
####.####h####.###.# ..... #o†##
.^# ... #o# #.. ...# .h. #. ..#..
[.# .# ..#.## #O. .. .## # #)# $§
.. .u


You could see a tengu warrior, a cyclops, a troll and 2 howler monkeys.

Vanquished Creatures
  Sonja (D:10)
  A manticore (D:11)
  3 ugly things (D:11)
  A kobold demonologist (D:10)
  Maggie (D:10)
  5 trolls
  A vampire (D:10)
  4 slime creatures (D:11)
  7 yaks
  2 wraiths
  4 wyverns
  A basilisk (D:11)
  2 vampire mosquitoes (D:11)
  Grum (D:8)
  2 acid dragons
  A water moccasin (D:7)
  4 orc warriors
  An ice beast (D:6)
  3 sky beasts
  A boggart (D:11)
  3 centaurs
  An ogre (D:7)
  4 wolves (D:8)
  A phantom (D:5)
  A kobold brigand (D:8)
  3 bullfrogs
  A gnoll sergeant (D:7)
  3 scorpions
  8 wights
  18 killer bees
  6 electric eels
  12 hounds
  2 gnoll boudas
  4 orc priests
  3 sleepcaps
  Ijyb (D:3)
  6 orc wizards
  2 iguanas
  Natasha (twice) (D:3)
  13 gnolls
  6 adders
  A shadow imp (D:6)
  A white imp (D:7)
  A dart slug (D:2)
  2 ribbon worms (D:6)
  38 orcs
  3 bats (D:3)
  7 endoplasms
  8 giant cockroaches
  5 goblins
  4 hobgoblins
  8 jackals
  3 quokkas
  7 ball pythons
  A frilled lizard (D:1)
  12 kobolds
  3 rats
250 creatures vanquished.

Notes
Turn   | Place    | Note
-------+----------+-------------------------------------------
     0 | D:1      | Doomgape the Gargoyle Fighter began the quest for the Orb.
     0 | D:1      | Reached XP level 1. HP: 14/14 MP: 1/1
   181 | D:1      | Reached XP level 2. HP: 19/19 MP: 2/2
   884 | D:1      | Reached XP level 3. HP: 15/24 MP: 3/3
  1097 | D:2      | Identified the +1 leather armour of the Earth {Dex+2}
  1428 | D:2      | Reached XP level 4. HP: 26/29 MP: 4/4
  1761 | D:3      | Noticed Ijyb
  1770 | D:3      | Killed Ijyb
  1882 | D:3      | Noticed Natasha
  1888 | D:3      | Killed Natasha
  1889 | D:3      | Reached XP level 5. HP: 31/34 MP: 5/5
  2022 | D:3      | Found a radiant altar of Vehumet.
  2063 | D:3      | Found a faded altar of an unknown god.
  2120 | D:3      | Noticed Natasha
  2137 | D:3      | Killed Natasha
  2712 | D:4      | Found a staircase to the Ecumenical Temple.
  2750 | Temple   | Entered the Ecumenical Temple
  2781 | Temple   | Became a worshipper of the Shining One
  3096 | D:4      | Reached XP level 6. HP: 30/40 MP: 6/6
  3195 | D:4      | Reached skill level 5 in Fighting
  3195 | D:4      | Reached skill level 5 in Armour
  3381 | D:4      | Found a snail-covered altar of Cheibriados.
  3396 | D:5      | Entered Level 5 of the Dungeon
  3448 | D:5      | Found a basalt altar of Yredelemnul.
  3681 | D:5      | Found a white marble altar of Elyvilon.
  3716 | D:5      | Found Vasmedda's Assorted Antiques.
  3721 | D:5      | Bought a scroll of identify for 50 gold pieces
  3721 | D:5      | Bought a scroll labelled XESAUS PABE for 25 gold pieces
  3721 | D:5      | Bought a scroll of enchant weapon for 187 gold pieces
  3731 | D:5      | Found a shimmering altar of Xom.
  3795 | D:5      | Reached XP level 7. HP: 35/44 MP: 4/7
  3892 | D:5      | Reached skill level 5 in Maces & Flails
  4299 | D:6      | Reached XP level 8. HP: 52/52 MP: 8/8
  4405 | D:6      | Noticed a wyvern
  4409 | D:6      | Killed a wyvern
  4426 | D:6      | Noticed a wraith
  4441 | D:6      | Killed a wraith
  4441 | D:6      | Reached * piety under the Shining One
  4686 | D:6      | Found a blossoming altar of Fedhas.
  4937 | D:6      | Found a transporter.
  4972 | D:6      | Noticed 112233's ghost (novice OpFi)
  4976 | D:6      | Found a transporter.
  5428 | D:7      | Reached XP level 9. HP: 36/59 MP: 4/9
  5742 | D:7      | Reached skill level 1 in Invocations
  6291 | D:7      | Found an ancient bone altar of Kikubaaqudgha.
  6644 | D:8      | Reached skill level 5 in Shields
  6644 | D:8      | Reached XP level 10. HP: 56/66 MP: 7/12
  6685 | D:8      | Noticed Grum
  6751 | D:8      | HP: 3/66 [Grum/-2 spear of venom (6)]
  6752 | D:8      | Killed Grum
  6949 | D:8      | Found a staircase to the Lair.
  7122 | D:8      | Identified 2 scrolls of acquirement
  7122 | D:8      | Acquired the +0 pair of boots "Keugats" {^Contam +Blink
                  | rN+++ Regen+}
  7133 | D:8      | Acquired 661 gold pieces
  7265 | D:8      | Reached ** piety under the Shining One
  7682 | D:9      | Reached skill level 5 in Invocations
  8005 | D:9      | Reached skill level 10 in Fighting
  8081 | D:9      | Found an opulent altar of Gozag.
  8238 | D:10     | Entered Level 10 of the Dungeon
  8265 | D:10     | Found an iron altar of Okawaru.
  8354 | D:10     | Noticed Sonja
  8373 | D:10     | Killed Sonja
  8495 | D:10     | Noticed Maggie
  8504 | D:10     | Reached XP level 11. HP: 64/73 MP: 12/15
  8513 | D:10     | Killed Maggie
  9113 | D:11     | Reached skill level 10 in Maces & Flails
  9190 | D:11     | Noticed a cyan ugly thing
  9198 | D:11     | Noticed a two-headed ogre
  9199 | D:11     | Killed a cyan ugly thing
  9200 | D:11     | Noticed a green ugly thing
  9211 | D:11     | Killed a green ugly thing
  9211 | D:11     | Noticed a white ugly thing
  9212 | D:11     | Noticed a tengu warrior
  9215 | D:11     | Killed a white ugly thing
  9220 | D:11     | Noticed a cyclops
  9224 | D:11     | Reached *** piety under the Shining One
  9225 | D:11     | Noticed a manticore
  9237 | D:11     | Killed a manticore
  9239 | D:11     | HP: 3/73 [tengu warrior/+0 great sword (8)]
  9239 | D:11     | HP: 1/73 [tengu warrior/+0 great sword (2)]
  9240 | D:11     | Mangled by a tengu warrior

Illustrated notes

Levels and vault maps discovered:
D:1:      amcnicky_arrival_choice, layout_loops_corners
D:2:      layout_loops_cross
D:3:      layout_loops_corners, fiery_altar_vehumet,
          ebering_ecumenical_altar_box, uniq_natasha, uniq_ijyb
D:4:      layout_loops_ring, cheibrodos_worm_habitat, minmay_temple_entry_ruins
D:5:      layout_cave_pools, old_standard_altar,
          mainiacjoe_overflow_catch_the_wave, serial_shops,
          nicolae_shop_back_alley_shop
D:6:      layout_loops_ring, mainiacjoe_overflow_surrounded_room,
          gammafunk_ghost_smash, serial_bayou, serial_bayou_lake_a,
          serial_bayou_lagoon_a, serial_bayou_ford_a, serial_bayou_shore_b,
          cheibrodos_sewer_entry_bend, kennysheep_generic_room_5
D:7:      layout_basic, nicolae_kikubaaqudgha_miasma_corner
D:8:      layout_loops_cross, erik_lair_island, uniq_grum
D:9:      layout_stronghold, nicolae_gozag_seed_capital
D:10:     layout_loops_cross, mainiacjoe_overflow_tiny_flanked, st_stairs_14,
          uniq_sonja, uniq_maggie
D:11:     minmay_the_grid_square_5x5_4x4_mashed [minmay_the_grid_square_5x5_z,
          minmay_the_grid_square_5x5_two_walls_b,
          minmay_the_grid_square_5x5_spiral,
          minmay_the_grid_square_5x5_trominoes,
          minmay_the_grid_square_5x5_inner_z,
          minmay_the_grid_square_5x5_prize_deathbox,
          minmay_the_grid_square_5x5_prize_monsterx,
          minmay_the_grid_square_5x5_two,
          minmay_the_grid_square_5x5_beaten_path,
          minmay_the_grid_square_5x5_prize_waves,
          minmay_the_grid_square_5x5_prize_gold, minmay_the_grid_square_5x5_v,
          minmay_the_grid_square_5x5_gyroscope,
          minmay_the_grid_square_5x5_broken_cross,
          minmay_the_grid_square_5x5_longway,
          minmay_the_grid_square_5x5_doubleslash], layout_rooms, eino_curves_02,
          kennysheep_generic_room_7, uniq_snorg
Temple:   nicolae_temple_ecumenical_triangle

Skill      XL: |  1  2  3  4  5  6  7  8  9 10 11 |
---------------+----------------------------------+-----
Fighting       | 4 5 6 7 9 10 | 10.3
Armour         | 4 5 6 7 8 |  8.1
Maces & Flails | 3 4 5 6 7 9 10 | 10.5
Invocations    | 3 6 8 |  8.3
Shields        | 5 7 9 |  9.0

Action                     |  1- 3 |  4- 6 |  7- 9 | 10-12 || total
---------------------------+-------+-------+-------+-------++-------
  Melee: Flail             |    89 |   174 |       |    24 ||   287
         Morningstar       |       |     7 |   273 |   322 ||   602
         Mace              |       |     5 |       |       ||     5
 Invoke: Divine Shield     |       |       |     2 |     4 ||     6
  Evoke: Wand              |       |       |    10 |     3 ||    13
    Use: Scroll            |     4 |     5 |     6 |     4 ||    19
         Potion            |       |       |       |     4 ||     4
 Armour: Scale mail        |    75 |   108 |   114 |       ||   297
         Plate armour      |       |       |    96 |   433 ||   529
  Dodge: Dodged            |    55 |    91 |   217 |   316 ||   679
  Block: Buckler           |    15 |    41 |    96 |   222 ||   374
